 Dungeon Crawl Stone Soup version 0.28-a0-1518-gbe868bca14 (webtiles) character file.

Game seed: 6589693013277814208

68 enile the Skirmisher (level 4, -5/50 HPs)
             Began as an Ogre Wanderer on Jan 16, 2022.
             Was a Follower of Sif Muna.
             Shot with a stone by a goblin (6 damage)
             ... led by Robin
             ... on level 2 of the Dungeon.
             The game lasted 00:04:19 (1867 turns).

enile the Skirmisher (Ogre Wanderer)                Turns: 1867, Time: 00:04:19

Health: -5/50      AC:  3    Str: 15    XL:     4   Next: 19%
Magic:  7/8        EV:  9    Int: 16    God:    Sif Muna [*.....]
Gold:   98         SH:  0    Dex:  8    Spells: 6/9 levels left

rFire   . . .      SeeInvis .   a - +0 club
rCold   . . .      Faith    .   (no shield)
rNeg    . . .      Spirit   .   b - +0 robe
rPois   .          Reflect  .   (helmet restricted)
rElec   .          Harm     .   (no cloak)
rCorr   .          Rampage  .   (gloves unavailable)
Will    .....                   (boots unavailable)
Stlth   +.........              (no amulet)
HPRegen 0.16/turn               (no ring)
MPRegen 0.11/turn               (no ring)

@: lethally poisoned (-5 -> -7), attractive
A: large, unfitting armour, tough skin 1
a: Renounce Religion, Channel Magic


You were on level 2 of the Dungeon.
You worshipped Sif Muna.
Sif Muna was aware of your devotion.
You visited 1 branch of the dungeon, and saw 2 of its levels.

You collected 98 gold pieces.

Inventory:

Hand Weapons
 a - a +0 club (weapon)
Armour
 b - a +0 robe (worn)
 f - a +0 scale mail
Scrolls
 c - a scroll of teleportation
Potions
 d - a potion of cancellation


   Skills:
 + Level 5.1 Fighting
 - Level 2.0 Dodging
 - Level 3.0 Spellcasting
 - Level 1.2 Translocations
 - Level 3.0 Fire Magic


You had 6 spell levels left.
You knew the following spells:

 Your Spells              Type           Power      Damage    Failure   Level
a - Foxfire               Conj/Fire      28%        2x1d5     10%         1
b - Scorch                Fire           24%        2d6       9%          2

Your spell library contained the following spells:

 Spells                   Type           Power      Damage    Failure   Level
 Apportation              Tloc           12%        N/A       12%         1
 Lesser Beckoning         Tloc           6%         N/A       34%         3
 Ignite Poison            Fire/Tmut/Pois 5%         N/A       36%         3


Dungeon Overview and Level Annotations

Branches:
Dungeon (2/15)

Altars:
Sif Muna
Uskayaw

Annotations:
D:2 Robin


Innate Abilities, Weirdness & Mutations

You are too large for most types of armour.
You have tough skin. (AC +1)


Message History

The goblin unwields a +0 dagger.
The goblin wields a +0 hunting sling.
The goblin shoots a stone.
The stone hits you.
* * * LOW HITPOINT WARNING * * *
Things that are here:
22 stones; a +0 dagger; a +0 hunting sling
Casting: Foxfire (safe; 10% risk of failure)
Confirm with . or Enter, or press ? or * to list all spells.
You conjure some foxfire!
The adder bites you.
* * * LOW HITPOINT WARNING * * *
You are poisoned.
The adder poisons you!
* * * LOW HITPOINT WARNING * * *
You feel sick.
The foxfire hits the adder.
You kill the adder!
Sif Muna accepts your kill. The goblin is attracted toward you.
Training target 2.0 for Dodging reached!
Your Dodging skill increases to level 2!
You need to enable at least one skill for training.
Okay, then.
As you read the scroll labelled BUARCH LICRUDES, it crumbles to dust.
You hear a loud clanging noise!
It was a scroll of noise.
* * * LOW HITPOINT WARNING * * *
You feel sick. Robin hits you with a +0 club.
* * * LOW HITPOINT WARNING * * *
As you read the scroll labelled GYLONA XEOSE, it crumbles to dust.
The creatures around you are filled with an inner flame!
It was a scroll of immolation.
* * * LOW HITPOINT WARNING * * *
You feel sick.
The goblin no longer looks unusually strong.
The goblin unwields a +0 hunting sling.
The goblin wields a +0 dagger.
The goblin hits you but does no damage. Robin barely misses you.
Okay, then.
* * * LOW HITPOINT WARNING * * *
You feel sick.
The goblin unwields a +0 dagger.
The goblin wields a +0 hunting sling.
The goblin shoots a stone.
The stone hits you.
You die...

#.. #.. ##. #.. ♣♣. #.. ♣♣#..
######.. ....# ...##..
#####.#.######♣♣♣♣♣♣♣ #.##.< #
#..##.♣.♣..@..♣♣....♣♣♣.))#. ..##
#..##.#.#.(........P....#...
#...##.##♣.♣.♣g♣g.)♣♣♣♣♣...♣##...
##.........§........♣ ♣♣♣♣♣ ....
.........♣.♣.♣#♣#)### #..._
#..###.###......#)# #.... #.#
#.##..♣.♣....# ##... ..
..........#..# #### .
...##...........


You could see Robin (inner flame) and a goblin (inner flame).

Vanquished Creatures
  A gnoll (D:1)
  2 adders (D:2)
  A worm (D:1)
  A dart slug (D:2)
  2 endoplasms (D:1)
  2 giant cockroaches (D:2)
  3 hobgoblins (D:1)
  A ball python (D:1)
  A frilled lizard (D:2)
  16 goblins
  A kobold (D:1)
  2 rats (D:1)
33 creatures vanquished.

Vanquished Creatures (collateral kills)
  2 foxfires (D:2)
2 creatures vanquished.

Vanquished Creatures (others)
  76 foxfires
  A plant (D:2)
77 creatures vanquished.

Grand Total: 112 creatures vanquished

Notes
Turn   | Place    | Note
-------+----------+-------------------------------------------
     0 | D:1      | enile the Ogre Wanderer began the quest for the Orb.
     0 | D:1      | enile set off with the following items: a +0 club, a +0
                  | robe, a scroll of teleportation; and the following spells
                  | available to memorise: Scorch, Foxfire, Apportation, Lesser
                  | Beckoning, Ignite Poison
     0 | D:1      | Reached XP level 1. HP: 24/24 MP: 3/3
     2 | D:1      | Learned a level 1 spell: Foxfire
    45 | D:1      | Reached XP level 2. HP: 20/32 MP: 1/5
   610 | D:1      | Found a faded altar of an unknown god.
   622 | D:1      | Reached XP level 3. HP: 41/41 MP: 3/6
   624 | D:1      | Prayed at the altar of an unknown god.
   624 | D:1      | Became a worshipper of Sif Muna the Loreminder
   624 | D:1      | Reached * piety under Sif Muna
   810 | D:2      | Found a hide-covered altar of Uskayaw.
   826 | D:2      | Learned a level 2 spell: Scorch
   918 | D:2      | Reached skill level 5 in Fighting
  1772 | D:2      | Reached XP level 4. HP: 50/50 MP: 6/8
  1832 | D:2      | Noticed Robin
  1854 | D:2      | HP: 2/50 [goblin/stone[Robin] (6)]
  1866 | D:2      | HP: 2/50 [poisoned by an adder]
  1867 | D:2      | Shot with a stone by a goblin

Illustrated notes

Levels and vault maps discovered:
D:1:      psy_arrival_statuary, layout_rooms, basic_ecumenical_altar,
          kennysheep_decorative_pillar, minmay_pentomino_o2
D:2:      layout_rooms, basic_altar, serial_forest, infiniplex_forest_fountain,
          infiniplex_forest_lined_4_way, infiniplex_forest_straight_2,
          infiniplex_forest_clump_small, infiniplex_forest_clump_tiny,
          infiniplex_forest_fountain, infiniplex_forest_lined_4_way,
          infiniplex_forest_lined_3_way, infiniplex_forest_zigzag_1, uniq_robin

Skill      XL: |  1  2  3  4 |
---------------+-------------+-----
Fighting       | 5 |  5.1
Spellcasting   | 3 |  3.0
Fire Magic     | 3 |  3.0
Dodging        | 2 |  2.0
Translocations | |  1.2

Action                   |  1- 3 |  4- 6 || total
-------------------------+-------+-------++-------
Melee: Club              |    53 |     3 ||    56
 Cast: Foxfire           |    38 |     9 ||    47
       Scorch            |     8 |     2 ||    10
  Use: Potion            |     1 |     2 ||     3
       Scroll            |       |     2 ||     2
Armor: Robe              |    18 |    11 ||    29
Dodge: Dodged            |    36 |    12 ||    48

Table legend: (Time is in decaauts)
 A = Elapsed time spent in this place.
 B = Non-inter-level travel time spent in this place.
 C = Inter-level travel time spent in this place.
 D = Time resting spent in this place.
 E = Time spent auto-exploring this place.
 F = Levels seen in this place.
 G = Mean time per level.
                   A        B        C        D        E       F      G
               +--------+--------+--------+--------+--------+-----+--------+
         Total |   1889 |   1854 |     35 |    436 |   1095 |   2 |  944.5 |
       Dungeon |   1889 |   1854 |     35 |    436 |   1095 |   2 |  944.5 |
               +--------+--------+--------+--------+--------+-----+--------+

Top non-repeatable levels by time:
     D:1: 1524 daAuts
     D:2: 364 daAuts
